 Dungeon Crawl Stone Soup version 0.31-a0-841-g038b102fc3 (webtiles) character file.

Game seed: 1257676404131689415

1999 Maratek the Thaumaturge (level 9, -2/40 HPs)
             Began as a Deep Elf Fire Elementalist on Sept 27, 2023.
             Was a Priest of Hepliaklqana.
             Slain by a yak (12 damage)
             ... on level 9 of the Dungeon.
             The game lasted 00:19:05 (10184 turns).

Maratek the Thaumaturge (DEFE)                     Turns: 10184, Time: 00:19:07

Health: -2/40      AC: 14    Str:  5    XL:     9   Next: 2%
Magic:  24/25      EV: 13    Int: 31    God:    Hepliaklqana [***...]
Gold:   436        SH:  0    Dex: 15    Spells: 27/28 levels left

rFire   . . .        k - +4 mace of the Blue God {drain, SInv}
rCold   . . .        A - orb {*Rage}
rNeg    + . .        a - +0 robe
rPois   .            i - +1 helmet of the Stone Wall {rN+}
rElec   .            w - +2 cloak
rCorr   .            c - +2 pair of gloves
SInv    +            (no boots)
Will    .....        z - amulet of magic regeneration
Stlth   +++          h - +4 ring of protection
HPRegen 0.26/turn    r - +6 ring of intelligence
MPRegen 0.59/turn

%: random rage (20%)
@: no status effects
A: reduced essence
a: Renounce Religion, Recall Ancestor, Ancestor Identity, Transference


You were on level 9 of the Dungeon.
You worshipped Hepliaklqana.
Hepliaklqana was most pleased with you.
You visited 1 branch of the dungeon, and saw 9 of its levels.
You also visited: Sewer.

You collected 436 gold pieces.

Inventory:

Hand Weapons
 k - the +4 mace of the Blue God (weapon) {drain, SInv}
   (You found it on level 6 of the Dungeon)

   SInv:      It lets you see invisible.
Armour
 a - a +0 robe (worn)
 c - a +2 pair of gloves (worn)
 i - the +1 helmet of the Stone Wall (worn) {rN+}
   (You found it on level 4 of the Dungeon)

   rN+:       It protects you from negative energy.
 w - a +2 cloak (worn)
 A - an orb of wrath (worn)
Jewellery
 h - a +4 ring of protection (left hand)
 r - a +6 ring of intelligence (right hand)
 s - a +6 ring of dexterity
 z - an amulet of magic regeneration (around neck)
Wands
 l - a wand of acid (8)
 x - a wand of mindburst (16)
Scrolls
 d - 3 scrolls of blinking
 j - a scroll of butterflies
 m - a scroll of enchant weapon
 p - a scroll of amnesia {unknown}
 q - a scroll of teleportation
Potions
 b - 3 potions of magic
 e - 3 potions of curing
 f - a potion of haste
 g - 2 potions of brilliance
 n - a potion of heal wounds {unknown}
 o - a potion of resistance {unknown}
 u - a potion of degeneration {unknown}
 v - a potion of attraction {unknown}


   Skills:
 + Level 3.0 Dodging
 + Level 4.2 Stealth
 + Level 0.4 Shields
 + Level 10.1 Spellcasting
 + Level 6.4 Conjurations
 + Level 7.5 Fire Magic


You had 27 spell levels left.
You knew the following spells:

 Your Spells              Type           Power      Damage    Failure   Level
a - Foxfire               Conj/Fire      100%       2x1d9     1%          1

Your spell library contained the following spells:

 Spells                   Type           Power      Damage    Failure   Level
 Scorch                   Fire           100%       2d9       1%          2
 Inner Flame              Hex/Fire       39%        N/A       1%          3
 Volatile Blastmotes      Fire/Tloc      78%        2d16      1%          3
 Flame Wave               Conj/Fire      56%        2d13      1%          4
 Mephitic Cloud           Conj/Pois/Air  29%        N/A       4%          3
 Fulminant Prism          Conj/Hex       17%        3d10      9%          4
 Iskenderun's Mystic Bla  Conj/Tloc      35%        2d8       9%          4
 Airstrike                Air            7%         2d(2-18)  32%         4
 Summon Ice Beast         Ice/Summ       15%        N/A       32%         4
 Freezing Cloud           Conj/Ice/Air   14%        6-21      36%         5
 Summon Mana Viper        Hex/Summ       15%        N/A       65%         5
 Monstrous Menagerie      Summ           7%         N/A       100%        7


Dungeon Overview and Level Annotations

Branches:
Dungeon (9/15)             Temple (0/1) D:5           Sewer (visited)
   Lair: D:8-11         Orc: D:9-12

Altars:
Cheibriados
Hepliaklqana
Okawaru
Wu Jian

Shops:
D:2 !

Annotations:
D:3 2 transporters


Message History

You are too injured to fight recklessly!
Casting: Foxfire (safe; 1% risk of failure)
Press: ? - help, Q - select action, (/) - cycle Dir - look around, f - activate You conjure some foxfire!
The yak closely misses you. The yak barely misses you.
Casting: Foxfire (safe; 1% risk of failure)
Press: ? - help, Q - select action, (/) - cycle Dir - look around, f - activate You conjure some foxfire!
The foxfire hits the yak.
The yak is heavily wounded.
The foxfire hits the yak.
The yak is heavily wounded.
The yak barely misses you. The yak gores you.
* * * LOW HITPOINT WARNING * * *
Casting: Foxfire (safe; 1% risk of failure)
Press: ? - help, Q - select action, (/) - cycle Dir - look around, f - activate You conjure some foxfire!
The yak closely misses you. The yak barely misses you.
Casting: Foxfire (safe; 1% risk of failure)
Press: ? - help, Q - select action, (/) - cycle Dir - look around, f - activate
There is not enough space to conjure foxfire!
Casting: Foxfire (safe; 1% risk of failure)
Press: ? - help, Q - select action, (/) - cycle Dir - look around, f - activate
There is not enough space to conjure foxfire!
Your foxfire dissipates!
The foxfire hits the yak but does no damage.
The yak is heavily wounded.
The foxfire hits the yak.
The yak is heavily wounded.
Casting: Foxfire (safe; 1% risk of failure)
Press: ? - help, Q - select action, (/) - cycle Dir - look around, f - activate You conjure some foxfire!
The yak misses you. The yak gores you but does no damage.
The foxfire hits the yak but does no damage.
The yak is heavily wounded.
The foxfire hits the yak.
The yak is severely wounded.
The yak attacks as it pursues you! The yak barely misses you.
The yak attacks as it pursues you! The yak gores you!
You die...

##........
##.........
#..........
..........
........#
#........ .
#<.......
....###YY......
#...§@§.(....
##...........
##.#........
...#........
.............
..... .........
..... .........
.... ..........


You could see 2 yaks.

Vanquished Creatures
  Pargi (Sewer)
  A sky beast (D:8)
  A phantom (D:6)
  Blork the orc (D:4)
  2 scorpions (D:4)
  A gnoll sergeant (D:5)
  2 wights (D:7)
  4 killer bees (D:8)
  A hound (D:6)
  4 jellies
  An orc priest (D:8)
  A gnoll bouda (D:4)
  2 iguanas
  4 orc wizards
  11 gnolls
  5 adders
  4 ufetubi
  3 worms
  A dart slug (D:4)
  7 orcs
  9 ball pythons
  8 bats
  8 endoplasms
  10 giant cockroaches
  9 goblins
  9 hobgoblins
  9 jackals
  10 kobolds
  3 quokkas
  10 frilled lizards
  8 rats
150 creatures vanquished.

Vanquished Creatures (collateral kills)
  A black bear (D:7)
  A sky beast (D:7)
  2 bullfrogs (D:7)
  A wight (D:7)
  3 jellies
  An iguana (D:5)
  2 orc wizards (D:5)
  A gnoll (D:5)
  3 orcs
  A ball python (D:4)
  14 foxfires (D:1)
30 creatures vanquished.

Vanquished Creatures (others)
  873 foxfires
873 creatures vanquished.

Grand Total: 1053 creatures vanquished

Notes
Turn   | Place    | Note
-------+----------+-------------------------------------------
     0 | D:1      | Maratek the Deep Elf Fire Elementalist began the quest for
                  | the Orb.
     0 | D:1      | Reached XP level 1. HP: 10/10 MP: 6/6
   216 | D:1      | Reached XP level 2. HP: 15/15 MP: 1/8
   822 | D:1      | Reached XP level 3. HP: 19/19 MP: 5/9
  1821 | D:2      | Found a faded altar of an unknown god.
  2173 | D:2      | Reached XP level 4. HP: 24/24 MP: 6/11
  2694 | D:2      | Reached skill level 4 in Spellcasting
  3176 | D:2      | Found Leufitig's Distillery.
  3264 | D:2      | Identified the +0 leather armour of the Filigreed God
                  | {-Tele rF+++ Dex+5}
  3645 | D:3      | Found a transporter.
  3645 | D:3      | Found a transporter.
  3717 | D:3      | Reached XP level 5. HP: 28/28 MP: 10/13
  3960 | D:3      | Found a snail-covered altar of Cheibriados.
  4224 | D:3      | Found a glowing drain.
  4238 | Sewer    | Entered a sewer
  4441 | Sewer    | Noticed Pargi
  4446 | Sewer    | Killed Pargi
  4447 | Sewer    | Reached skill level 5 in Spellcasting
  4701 | D:3      | Found a hazy altar of Hepliaklqana.
  4828 | D:3      | Became a worshipper of Hepliaklqana the Forgotten
  4963 | D:4      | Reached XP level 6. HP: 32/32 MP: 11/15
  5064 | D:4      | Noticed Blork the orc
  5070 | D:4      | Killed Blork the orc
  5071 | D:4      | Reached skill level 5 in Fire Magic
  5322 | D:4      | Identified the +1 helmet of the Stone Wall {rN+}
  5378 | D:4      | Reached skill level 6 in Spellcasting
  5658 | D:4      | Reached XP level 7. HP: 10/36 MP: 8/18
  5932 | D:4      | Reached * piety under Hepliaklqana
  6240 | D:5      | Entered Level 5 of the Dungeon
  7147 | D:5      | Found a staircase to the Ecumenical Temple.
  7208 | D:5      | Reached skill level 7 in Spellcasting
  7366 | D:5      | Reached skill level 5 in Conjurations
  7629 | D:5      | Found an ornate altar of the Wu Jian Council.
  7928 | D:5      | Got a mumbling book
  8004 | D:5      | Reached ** piety under Hepliaklqana
  8005 | D:5      | Remembered your ancestor Dagmar as a knight
  8039 | D:5      | Found an iron altar of Okawaru.
  8609 | D:6      | Reached XP level 8. HP: 30/36 MP: 16/21
  8809 | D:6      | Identified the +4 mace of the Blue God {drain, SInv}
  8847 | D:6      | Reached skill level 8 in Spellcasting
  9402 | D:7      | Reached skill level 9 in Spellcasting
 10076 | D:8      | Reached *** piety under Hepliaklqana
 10104 | D:8      | Reached skill level 10 in Spellcasting
 10116 | D:8      | Reached XP level 9. HP: 40/40 MP: 23/25
 10184 | D:9      | Slain by a yak

Illustrated notes

Levels and vault maps discovered:
D:1:      dpeg_arrival_tiny_d, layout_loops_cross, serial_forest,
          infiniplex_forest_clump_small, infiniplex_forest_clump_tiny,
          infiniplex_forest_straight_3, infiniplex_forest_lined_ring,
          infiniplex_forest_lined_corner, infiniplex_forest_clump_double,
          infiniplex_forest_join, infiniplex_forest_zigzag_1,
          minmay_tetromino_l2
D:2:      layout_loops_ring, dreamdust_ecumenical_altar_statues, serial_shops,
          nicolae_shop_tiny_real_fake_doors, kennysheep_donut,
          minmay_goblin_outpost
D:3:      gammafunk_wand_slinger, layout_basic,
          mainiacjoe_overflow_surrounded_room, mainiacjoe_overflow_catwalk,
          portal_sewer_entry_f, minmay_misc_feat_tiny, minmay_diced_spiral
D:4:      layout_loops_ring, kennysheep_generic_room_14, uniq_blork_the_orc
D:5:      layout_layer_cave, mainiacjoe_overflow_alcove_2,
          nzn_wu_jian_contemplation, minmay_temple_entry_mist
D:6:      layout_basic
D:7:      layout_loops_cross
D:8:      layout_rooms, nicolae_ru_the_path_less_chosen, amcnicky_altar_gilded,
          nicolae_overflow_two_pavilions, kennysheep_generic_room_13
D:9:      layout_cave_pools, lair_entry_dummy, serial_gnoll_camp,
          gnoll_camp_mini_doghouse, gnoll_camp_mini_basic, gnoll_camp_mini_hut,
          gnoll_camp_mini_hut, gnoll_camp_mini_hut, minmay_fountain_box,
          hangedman_decor_push

Skill      XL: |  1  2  3  4  5  6  7  8 |
---------------+-------------------------+-----
Fire Magic     | 4 5 6 7 |  7.5
Conjurations   | 2 3 4 5 6 |  6.4
Spellcasting   | 4 5 6 7 10 | 10.1
Stealth        | 3 4 |  4.2
Dodging        | 3 |  3.0
Shields        | |  0.4

Action                     |  1- 3 |  4- 6 |  7- 9 || total
---------------------------+-------+-------+-------++-------
  Melee: Unarmed           |     3 |       |       ||     3
   Cast: Foxfire           |   136 |   223 |   212 ||   571
 Invoke: Ancestor Life: Kn |       |       |     1 ||     1
    Use: Scroll            |       |       |    17 ||    17
         Potion            |       |       |     1 ||     1
 Armour: Robe              |    17 |    20 |    29 ||    66
  Dodge: Dodged            |    30 |    30 |    31 ||    91
  Block: Other             |     7 |     8 |     2 ||    17
         Reflection        |       |     2 |       ||     2

Table legend: (Time is in decaauts)
 A = Elapsed time spent in this place.
 B = Non-inter-level travel time spent in this place.
 C = Inter-level travel time spent in this place.
 D = Time resting spent in this place.
 E = Time spent auto-exploring this place.
 F = Levels seen in this place.
 G = Mean time per level.
                   A        B        C        D        E       F      G
               +--------+--------+--------+--------+--------+-----+--------+
         Total |  10238 |  10043 |    195 |   1521 |   7042 |  10 | 1023.8 |
       Dungeon |   9762 |   9567 |    195 |   1521 |   6656 |   9 | 1084.7 |
         Sewer |    476 |    476 |      0 |      0 |    386 |   1 |  476.0 |
               +--------+--------+--------+--------+--------+-----+--------+

Top non-repeatable levels by time:
     D:2: 1889 daAuts
     D:5: 1809 daAuts
     D:1: 1698 daAuts
     D:4: 1673 daAuts
     D:7: 846 daAuts
     D:3: 836 daAuts
     D:6: 807 daAuts
   Sewer: 476 daAuts
     D:8: 194 daAuts
     D:9: 5 daAuts
